 Dungeon Crawl Stone Soup version 0.28-a0-851-g8b9cc49659 (webtiles) character file.

Game seed: 9364519952675881149

2219 siradein the Skirmisher (level 9, -1/75 HPs)
             Began as a Ghoul Fighter on Nov 15, 2021.
             Was a Follower of Makhleb.
             Slain by Grum (11 damage)
             ... on level 8 of the Dungeon.
             The game lasted 00:22:07 (6015 turns).

siradein the Skirmisher (Ghoul Fighter)             Turns: 6015, Time: 00:22:07

Health: -1/75      AC: 11    Str: 21    XL:     9   Next: 35%
Magic:  11/11      EV: 17    Int:  3    God:    Makhleb [*.....]
Gold:   481        SH: 10    Dex: 10    Spells: 8/8 levels left

rFire   . . .      SeeInvis .   a - +0 war axe
rCold   + . .      Faith    .   c - +0 buckler
rNeg    + + +      Spirit   .   i - +0 chain mail
rPois   ∞          Reflect  +   (no helmet)
rElec   .          Harm     .   k - scarf {repulsion}
rCorr   .          Rampage  .   t - +0 pair of gloves
Will    .....                   (no boots)
Stlth   ..........              s - amulet of reflection
HPRegen 0.00/turn               h - +4 ring of evasion
MPRegen 0.12/turn               o - +4 ring of evasion

@: attractive, inhibited regen, hasted, repel missiles, very quick
A: claws 1, cold resistance 1, negative energy resistance 3, inhibited
regeneration, torment resistance 2
a: Renounce Religion


You were on level 8 of the Dungeon.
You worshipped Makhleb.
Makhleb was aware of your devotion.
You visited 2 branches of the dungeon, and saw 9 of its levels.

You collected 481 gold pieces.

Inventory:

Hand Weapons
 a - a +0 war axe (weapon)
 F - the +3 falchion of Myoqerae {antimagic, Str+6}
   (You found it on level 5 of the Dungeon)

   It reduces the magical energy of the wielder, and disrupts the spells and
   magical abilities of those it strikes.
   Natural abilities and divine invocations are not affected.
   Str:       It affects your strength (+6).
Missiles
 b - 209 stones
 n - 5 boomerangs
 v - 33 poisoned darts (quivered)
 I - a curare-tipped dart
Armour
 c - a +0 buckler (worn)
 i - a +0 chain mail (worn)
 k - a scarf of repulsion (worn)
 t - a +0 pair of gloves (worn)
Jewellery
 h - a +4 ring of evasion (left hand)
 m - a ring of magical power
 o - a +4 ring of evasion (right hand)
 s - an amulet of reflection (around neck)
 x - a ring of fire
Wands
 B - a wand of iceblast (8)
 E - a wand of flame (11)
Scrolls
 e - 3 scrolls of fear
 g - 3 scrolls of enchant armour
 j - 3 scrolls of fog {unknown}
 p - 2 scrolls of teleportation {unknown}
 q - a scroll of noise {unknown}
 u - a scroll of amnesia {unknown}
 w - 3 scrolls of immolation {unknown}
 y - 2 scrolls of vulnerability {unknown}
 D - 2 scrolls of blinking {unknown}
 H - a scroll of enchant weapon {unknown}
Potions
 d - 2 potions of might
 f - 10 potions of curing
 l - a potion of degeneration {unknown}
 r - 3 potions of haste
 z - a potion of attraction
 A - a potion of ambrosia {unknown}
 C - a potion of heal wounds
 G - 3 potions of flight {unknown}


   Skills:
 + Level 6.1 Fighting
 + Level 4.6 Axes
 + Level 3.7 Throwing
 + Level 5.1 Armour
 + Level 3.8 Dodging
 + Level 5.1 Shields
 + Level 4.2 Invocations


You had 8 spell levels left.
You didn't know any spells.
Your spell library contained the following spells:

 Spells                   Type           Power      Damage    Failure   Level
 Magic Dart               Conj           0%         1d3       99%         1
 Slow                     Hex            0%         N/A       99%         1
 Call Imp                 Summ           0%         N/A       100%        2
 Confusing Touch          Hex            0%         N/A       100%        3
 Dazzling Flash           Conj/Hex       0%         N/A       100%        3
 Gell's Gravitas          Tloc           0%         N/A       100%        3
 Lesser Beckoning         Tloc           0%         N/A       100%        3
 Mephitic Cloud           Conj/Pois/Air  0%         N/A       100%        3
 Teleport Other           Tloc           0%         N/A       100%        3
 Vampiric Draining        Necr           0%         2d6       100%        3
 Airstrike                Air            0%         N/A       100%        4
 Summon Lightning Spire   Summ/Air       0%         N/A       100%        4
 Agony                    Necr           0%         N/A       100%        5
 Fireball                 Conj/Fire      0%         3d3       100%        5
 Freezing Cloud           Conj/Ice/Air   0%         6-21      100%        5
 Iskenderun's Battlesphe  Conj           0%         2d6       100%        5
 Lightning Bolt           Conj/Air       0%         1d11      100%        5
 Silence                  Hex/Air        0%         N/A       100%        5
 Conjure Ball Lightning   Conj/Air       0%         3x3d6     100%        6
 Simulacrum               Ice/Necr       0%         N/A       100%        6
 Orb of Destruction       Conj           0%         N/A       100%        7
 Polar Vortex             Ice            0%         N/A       100%        9


Dungeon Overview and Level Annotations

Branches:
Dungeon (8/15)             Temple (1/1) D:5
   Lair: D:8-11

Altars:
Ashenzari
Cheibriados
Elyvilon
Fedhas
Gozag
Hepliaklqana
Makhleb
Nemelex Xobeh
Okawaru
Qazlal
Ru
Sif Muna
Trog
Uskayaw
Vehumet
Wu Jian
Xom
Yredelemnul
The Shining One

Shops:
D:2 :   D:7 (

Annotations:
D:8 Grum


Innate Abilities, Weirdness & Mutations

You thrive by killing the living.
You are immune to poison.
You have sharp fingernails.
Your flesh is cold resistant. (rC+)
You are immune to negative energy. (rN+++)
You do not regenerate when monsters are visible.
You are immune to unholy pain and torment.


Message History

You hit Grum but do no damage. Grum closely misses you.
You hit Grum.
Grum is lightly wounded.
You hit Grum but do no damage.
Grum is lightly wounded.
Grum closely misses you.
You hit Grum but do no damage.
Grum is lightly wounded.
Grum hits you but does no damage.
You barely miss Grum.
Grum is lightly wounded.
You block Grum's attack.
You slash Grum!
Grum is moderately wounded.
Grum completely misses you.
You closely miss Grum.
Grum is moderately wounded.
Grum hits you with a -1 spear.
* * * LOW HITPOINT WARNING * * *
You slash Grum!
Grum is severely wounded.
You block Grum's attack.
You closely miss Grum.
Grum is severely wounded.
You slash Grum!
Grum is severely wounded.
You block Grum's attack.
You barely miss Grum.
Grum is severely wounded.
Grum misses you.
Your chain mail prevents you from hitting Grum.
Grum is severely wounded.
Grum closely misses you.
You hit Grum but do no damage.
Grum is severely wounded.
Grum misses you.
You hit Grum.
Grum is almost dead.
Grum hits you with a -1 spear!
You die...

#.#..........!.
########.##)##....#.##
#....h......(.....#
#.######.##.#####.#
#§# #........ ... #.#
##....... ### #§#
#.#.##### #§# #.#...
#.# #@#.#.# #§###
#g#.#.#
#####.§.#####h#.# #
........hhhh§.h..#
.........#####.###
########## #.# #.# #.#
..#


You could see Grum and 2 wolves.

Vanquished Creatures
  A steam dragon (D:7)
  Menkaure (D:5)
  2 water moccasins
  A sky beast (D:5)
  2 ice beasts (D:6)
  2 centaurs
  An ogre (D:5)
  A wolf (D:8)
  2 kobold brigands
  3 bullfrogs
  2 scorpions
  A howler monkey (D:7)
  A centaur zombie (D:7)
  3 hounds
  2 jellies
  A centaur skeleton (D:4)
  2 gnoll shamans
  An iguana (D:6)
  4 orc wizards
  A killer bee zombie (D:7)
  6 gnolls
  A howler monkey skeleton (D:7)
  9 adders
  2 shadow imps
  An ufetubus (D:6)
  A worm (D:3)
  2 dart slugs
  17 orcs
  6 bats
  12 endoplasms
  6 giant cockroaches
  6 hobgoblins
  9 jackals
  7 quokkas
  2 ball pythons
  2 frilled lizards
  5 goblins
  13 kobolds
  6 rats
147 creatures vanquished.

Vanquished Creatures (others)
  2 plants (D:7)
2 creatures vanquished.

Grand Total: 149 creatures vanquished

Notes
Turn   | Place    | Note
-------+----------+-------------------------------------------
     0 | D:1      | siradein the Ghoul Fighter began the quest for the Orb.
     0 | D:1      | Reached XP level 1. HP: 19/19 MP: 0/0
    65 | D:1      | Reached XP level 2. HP: 26/26 MP: 1/1
   388 | D:1      | Reached XP level 3. HP: 31/31 MP: 2/2
   620 | D:1      | Found a faded altar of an unknown god.
   742 | D:2      | Found Ciw Osil's Book Shoppe.
   800 | D:2      | Reached XP level 4. HP: 40/40 MP: 3/3
  1311 | D:3      | Reached skill level 4 in Fighting
  1404 | D:3      | Reached skill level 1 in Dodging
  1404 | D:3      | Reached XP level 5. HP: 10/46 MP: 4/4
  2122 | D:4      | Reached skill level 1 in Throwing
  2395 | D:4      | Reached XP level 6. HP: 53/53 MP: 5/5
  2607 | D:5      | Entered Level 5 of the Dungeon
  2615 | D:5      | Found a staircase to the Ecumenical Temple.
  2650 | Temple   | Entered the Ecumenical Temple
  2688 | Temple   | Became a worshipper of Makhleb the Destroyer
  2879 | D:5      | Noticed Menkaure
  2891 | D:5      | Killed Menkaure
  2892 | D:5      | Reached XP level 7. HP: 60/60 MP: 6/6
  2976 | D:5      | Reached skill level 1 in Invocations
  3789 | D:5      | Reached skill level 5 in Fighting
  3795 | D:5      | Identified the +3 falchion of Myoqerae {antimagic, Str+6}
  3877 | D:6      | Reached XP level 8. HP: 67/68 MP: 8/8
  4099 | D:6      | Reached * piety under Makhleb
  5371 | D:7      | Found Serchufa's Antique Weapon Shoppe.
  5380 | D:7      | Reached XP level 9. HP: 75/75 MP: 10/10
  5455 | D:7      | Reached skill level 6 in Fighting
  5455 | D:7      | Reached skill level 5 in Shields
  5699 | D:7      | Reached skill level 5 in Armour
  5936 | D:8      | Noticed Grum
  5985 | D:8      | HP: 1/75 [wolf[Grum] (7)]
  6015 | D:8      | Slain by Grum

Illustrated notes

Levels and vault maps discovered:
D:1:      saegor_arrival_simple_a, layout_rooms,
          shapermc_ecumenical_altar_hornbeckon
D:2:      layout_basic, serial_shops, shop, chequers_serial_rivers_micro_c
D:3:      layout_rooms
D:4:      layout_cave_pools, elyvilon_altar_1, minmay_starry_boxes
D:5:      layout_loops_corners, temple_pool_b, minmay_liquid_box, uniq_menkaure
D:6:      layout_basic, minivault_5, sigmund_army
D:7:      minmay_inner_zag, layout_rooms, serial_shops,
          nicolae_shop_overgrown_old_shop
D:8:      layout_loops_ring, minitemple, general_overflow_altar,
          wad_floor_pattern_2, uniq_grum, uniq_erica, uniq_maurice
Temple:   mainiacjoe_temple_coin_purse

Skill      XL: |  1  2  3  4  5  6  7  8  9 |
---------------+----------------------------+-----
Axes           | 2 3 4 |  4.6
Shields        | 3 4 5 |  5.1
Armour         | 3 4 5 |  5.1
Fighting       | 4 5 6 |  6.1
Dodging        | 1 2 3 |  3.8
Throwing       | 1 2 3 |  3.7
Invocations    | 2 3 4 |  4.2

Action                   |  1- 3 |  4- 6 |  7- 9 || total
-------------------------+-------+-------+-------++-------
Melee: War axe           |    93 |   204 |   304 ||   601
Throw: Dart              |       |       |     6 ||     6
  Use: Scroll            |       |       |     3 ||     3
       Potion            |       |       |     3 ||     3
Armor: Scale mail        |    22 |       |       ||    22
       Chain mail        |    42 |    92 |   126 ||   260
Dodge: Dodged            |    68 |   170 |   323 ||   561
       Repelled          |       |     1 |     1 ||     2
Block: Buckler           |    30 |    43 |   232 ||   305
       Reflection        |       |       |     5 ||     5

Table legend: (Time is in decaauts)
 A = Elapsed time spent in this place.
 B = Non-inter-level travel time spent in this place.
 C = Inter-level travel time spent in this place.
 D = Time resting spent in this place.
 E = Time spent auto-exploring this place.
 F = Levels seen in this place.
 G = Mean time per level.
                   A        B        C        D        E       F      G
               +--------+--------+--------+--------+--------+-----+--------+
         Total |   6218 |   6001 |    217 |    397 |   4130 |   9 |  690.9 |
       Dungeon |   6073 |   5872 |    201 |    397 |   4026 |   8 |  759.1 |
        Temple |    144 |    128 |     16 |      0 |    104 |   1 |  144.0 |
               +--------+--------+--------+--------+--------+-----+--------+

Top non-repeatable levels by time:
     D:6: 1257 daAuts
     D:5: 1141 daAuts
     D:7: 863 daAuts
     D:3: 744 daAuts
     D:1: 735 daAuts
     D:2: 626 daAuts
     D:4: 618 daAuts
  Temple: 144 daAuts
     D:8: 86 daAuts
